 Dungeon Crawl Stone Soup version 0.29.1-1-gd02db6906a (webtiles) character file.

Game seed: 6081509339193353177

693 groovy9 the Skirmisher (level 7, -3/49 (50) HPs)
             Began as a Formicid Hunter on Sept 18, 2022.
             Slain by a necrophage (5 damage)
             ... on level 3 of the Dungeon.
             The game lasted 00:09:25 (3433 turns).

groovy9 the Skirmisher (Formicid Hunter)            Turns: 3433, Time: 00:09:26

HP:   -3/49 (50)    AC:  3    Str: 16    XL:     7   Next: 96%
MP:   7/7           EV: 12    Int:  8    God:
Gold: 122           SH:  0    Dex: 19    Spells: 6/6 levels left

rFire   . . .      SeeInvis +   a - +0 shortbow (freeze)
rCold   . . .      Faith    .   (no shield)
rNeg    . . .      Spirit   .   c - +0 leather armour
rPois   .          Reflect  .   (helmet unavailable)
rElec   .          Harm     .   (no cloak)
rCorr   .          Rampage  .   (no gloves)
Will    .....                   (no boots)
Stlth   ++........              (no amulet)
HPRegen 0.16/turn               (no ring)
MPRegen 0.10/turn               (no ring)

@: lightly drained
A: permanent stasis, dig shafts and tunnels, antennae 3, four strong arms
a: Dig, Shaft Self


You were on level 3 of the Dungeon.
You visited 1 branch of the dungeon, and saw 3 of its levels.
You also visited: Sewer.

You collected 122 gold pieces.

Inventory:

Hand Weapons
 a - a +0 shortbow of freezing (weapon)
Missiles
 j - a throwing net
Armour
 c - a +0 leather armour (worn)
Wands
 h - a wand of flame (19)
 i - a wand of mindburst (5)
Scrolls
 b - a scroll of immolation
 d - a scroll of summoning {unknown}
 e - a scroll of teleportation {unknown}
 k - a scroll of enchant armour {unknown}
 p - a scroll of blinking {unknown}
 q - a scroll of noise {unknown}
Potions
 f - a potion of flight
 g - 2 potions of mutation
 l - 3 potions of brilliance
 m - a potion of attraction {unknown}
 n - a potion of curing {unknown}
 o - a potion of resistance {unknown}


   Skills:
 - Level 2.1 Fighting
 + Level 9.1 Ranged Weapons
 - Level 1.7 Dodging
 - Level 1.2 Stealth


You had 6 spell levels left.
You didn't know any spells.
Your spell library contained the following spells:

 Spells                   Type           Power      Damage    Failure   Level
 Confusing Touch          Hex            0%         N/A       85%         3
 Conjure Flame            Conj/Fire      0%         6-21      85%         3
 Ignite Poison            Fire/Tmut/Pois 0%         N/A       85%         3
 Sticky Flame             Conj/Fire      0%         2d3       99%         4
 Yara's Violent Unravell  Hex/Tmut       0%         3d3       100%        5
 Enfeeble                 Hex            0%         N/A       100%        7
 Malign Gateway           Summ/Tloc      0%         N/A       100%        7


Dungeon Overview and Level Annotations

Branches:
Dungeon (3/15)              Sewer (visited)

Altars:
Wu Jian

Annotations:
D:3 lmSkywalker's ghost, amateur OgCA


Innate Abilities, Weirdness & Mutations

You cannot be hasted, slowed, berserked, paralysed or teleported.
You can dig through walls and to a lower floor.
You have a pair of large antennae on your head. (SInv)
Your four strong arms can wield two-handed weapons with a shield.


Message History

Okay, then.
LmSkywalker's ghost attacks as you move away!
LmSkywalker's ghost hits you. LmSkywalker's ghost burns you.
The necrophage attacks as you move away!
The necrophage hits you but does no damage.
The rat attacks as you move away! The rat bites you but does no damage.
LmSkywalker's ghost attacks as you move away!
LmSkywalker's ghost hits you.
* * * LOW HITPOINT WARNING * * *
LmSkywalker's ghost burns you.
* * * LOW HITPOINT WARNING * * *
The rat attacks as you move away! The rat misses you.
LmSkywalker's ghost hits you.
* * * LOW HITPOINT WARNING * * *
LmSkywalker's ghost burns you.
* * * LOW HITPOINT WARNING * * *
The necrophage barely misses you.
There is a transporter here.
You enter the transporter and appear at another place.
The rat barely misses you. LmSkywalker's ghost hits you.
* * * LOW HITPOINT WARNING * * *
LmSkywalker's ghost burns you.
* * * LOW HITPOINT WARNING * * *
The necrophage hits you.
* * * LOW HITPOINT WARNING * * *
You feel drained.
* * * LOW HITPOINT WARNING * * *
Okay, then.
You are too injured to fight recklessly!
Fire: a) +0 shortbow (freeze)
Press: ? - help, Q - select action, (/) - cycle Shift-Dir - straight line, f/p - necrophage
Aim: a necrophage (lightly damaged, 66% to hit)
You shoot an arrow. The arrow hits the necrophage.
The arrow freezes the necrophage.
The necrophage is moderately damaged.
The rat barely misses you.
LmSkywalker's ghost says, "My insurmountable tactics guarantee your defeat."
LmSkywalker's ghost hits you but does no damage.
The necrophage hits you.
You die...

###############
#.............#######
#.....#......W......##
#....#......r@n......#
#....#...#########...#
#.......##8.$?..8##..#
#.......#§.?......#..#
#.......#.........#..#
#####...#.........#..#
### ##..#....©....#..#
#.#
#####..#...†.....#..#
####..
##......#.........#..#
#...#.


You could see a necrophage, lmSkywalker's ghost and a rat.

Vanquished Creatures
  Sigmund (D:2)
  An ogre (D:3)
  2 kobold brigands (Sewer)
  An orc wizard (D:3)
  3 gnolls (D:2)
  4 adders
  11 river rats (Sewer)
  4 worms
  5 orcs (D:3)
  7 ball pythons
  5 endoplasms
  2 giant cockroaches
  3 goblins
  7 hobgoblins
  8 jackals (D:1)
  A quokka (D:2)
  7 bats
  6 frilled lizards
  18 kobolds
  22 rats
118 creatures vanquished.

Notes
Turn   | Place    | Note
-------+----------+-------------------------------------------
     0 | D:1      | groovy9 the Formicid Hunter began the quest for the Orb.
     0 | D:1      | Reached XP level 1. HP: 16/16 MP: 1/1
   121 | D:1      | Reached XP level 2. HP: 22/22 MP: 2/2
   227 | D:1      | Reached XP level 3. HP: 25/27 MP: 3/3
   301 | D:1      | Reached skill level 5 in Ranged Weapons
   467 | D:1      | Got the Handbook of Scorching Accompaniment
   837 | D:2      | Found a faded altar of an unknown god.
   880 | D:2      | Reached XP level 4. HP: 32/33 MP: 4/4
  1134 | D:2      | Noticed Sigmund
  1150 | D:2      | Killed Sigmund
  1151 | D:2      | Reached skill level 7 in Ranged Weapons
  1151 | D:2      | Reached XP level 5. HP: 38/38 MP: 5/5
  1151 | D:2      | Reached XP level 6. HP: 44/44 MP: 6/6
  1870 | D:3      | Found an ornate altar of the Wu Jian Council.
  1879 | D:3      | Noticed lmSkywalker's ghost (amateur OgCA)
  1880 | D:3      | Found a transporter.
  2212 | D:3      | Noticed an ogre
  2302 | D:3      | Found a glowing drain.
  2320 | Sewer    | Entered a sewer
  2451 | Sewer    | Reached XP level 7. HP: 50/50 MP: 7/7
  2483 | Sewer    | Reached skill level 8 in Ranged Weapons
  3352 | D:3      | Reached skill level 9 in Ranged Weapons
  3384 | D:3      | Found a transporter.
  3432 | D:3      | HP: 2/50 [necrophage (4)]
  3433 | D:3      | Slain by a necrophage

Illustrated notes

Levels and vault maps discovered:
D:1:      dpeg_arrival_radiant, layout_basic
D:2:      layout_loops_ring, ebering_ecumenical_altar_webs, uniq_sigmund
D:3:      minmay_wonky_spiral, layout_rooms, nzn_wu_jian_contemplation,
          cheibrodos_sewer_entry_bend, gammafunk_ghost_arena

Skill      XL: |  1  2  3  4  5  6  7 |
---------------+----------------------+-----
Ranged Weapons | 5 7 9 |  9.1
Fighting       | |  2.1
Dodging        | |  1.7
Stealth        | |  1.2

Action                   |  1- 3 |  4- 6 |  7- 9 || total
-------------------------+-------+-------+-------++-------
 Fire: Shortbow          |    97 |   138 |   107 ||   342
 Abil: Dig               |     2 |       |     6 ||     8
  Use: Scroll            |     2 |     5 |       ||     7
       Potion            |       |     1 |     1 ||     2
Armor: Leather armour    |    11 |    10 |    14 ||    35
       Skin              |       |     4 |    19 ||    23
Dodge: Dodged            |    31 |    26 |    45 ||   102
